 Dungeon Crawl Stone Soup version 0.28.0-53-g5a82cb258f (webtiles) character file.

Game seed: 15077585910240795070

635 Zeld the Conjurer (level 7, -10/50 HPs)
             Began as a Yellow Draconian Conjurer on June 8, 2022.
             Was an Initiate of Gozag.
             Mangled by an ogre
             ... wielding a +0 giant spiked club
              (20 damage)
             ... on level 5 of the Dungeon.
             The game lasted 00:05:11 (7004 turns).

Zeld the Conjurer (Yellow Draconian Conjurer)       Turns: 7004, Time: 00:05:11

Health: -10/50     AC:  7    Str: 10    XL:     7   Next: 25%
Magic:  12/13      EV: 13    Int: 20    God:    Gozag
Gold:   91         SH:  0    Dex: 12    Spells: 3/14 levels left

rFire   . . .      SeeInvis .   a - +6 war axe of the Open Hand {vorpal, +Blink Dex+3}
rCold   . . .      Faith    .   (no shield)
rNeg    . . .      Spirit   .   (armour unavailable)
rPois   +          Reflect  .   (helmet restricted)
rElec   .          Harm     .   q - +0 cloak
rCorr   +          Rampage  .   (no gloves)
Will    .....                   (no boots)
Stlth   ++........              (no amulet)
HPRegen 0.16/turn               b - ring of poison resistance
MPRegen 0.13/turn               (no ring)

@: no status effects
A: spit acid, AC +6, unfitting armour, cold-blooded, acid resistance
a: Breathe Acid, Renounce Religion, Evoke Blink, Potion Petition, Call Merchant,
Bribe Branch


You were on level 5 of the Dungeon.
You worshipped Gozag.
Gozag was noncommittal.
You visited 2 branches of the dungeon, and saw 7 of its levels.

You collected 336 gold pieces.
You spent 195 gold pieces at shops.
You paid 50 gold pieces to Gozag.

Inventory:

Hand Weapons
 a - the +6 war axe of the Open Hand (weapon) {vorpal, +Blink Dex+3}
   (You bought it in a shop on level 3 of the Dungeon)

   It inflicts extra damage upon your enemies.
   Dex:       It affects your dexterity (+3).
   +Blink:    It lets you blink.
Armour
 q - a +0 cloak (worn)
Jewellery
 b - a ring of poison resistance (left hand)
Scrolls
 c - 2 scrolls of fear {unknown}
 e - a scroll of noise {unknown}
 g - 2 scrolls of vulnerability {unknown}
 i - 4 scrolls of identify {unknown}
 l - a scroll of enchant armour {unknown}
Potions
 d - 4 potions of curing {unknown}
 h - a potion of mutation {unknown}
 j - a potion of heal wounds {unknown}
 k - a potion of ambrosia {unknown}
 m - a potion of berserk rage {unknown}
 o - a potion of cancellation {unknown}
 p - 2 potions of flight {unknown}


   Skills:
 + Level 3.7 Dodging
 - Level 1.7 Stealth
 * Level 4.3 Spellcasting
 * Level 5.9 Conjurations
 - Level 2.0 Hexes
 - Level 2.0 Translocations


You had 3 spell levels left.
You knew the following spells:

 Your Spells              Type           Power      Damage    Failure   Level
a - Magic Dart            Conj           100%       1d8       1%          1
b - Searing Ray           Conj           56%        2d6       1%          2
c - Fulminant Prism       Conj/Hex       10%        3d9       24%         4
d - Iskenderun's Mystic   Conj/Tloc      20%        2d6       24%         4

Your spell library contained the following spells:

 Spells                   Type           Power      Damage    Failure   Level
 Dazzling Flash           Conj/Hex       40%        N/A       8%          3
 Stone Arrow              Conj/Erth      32%        3d9       11%         3
 Sandblast                Erth           8%         2d5       12%         1
 Ensorcelled Hibernation  Hex/Ice        16%        N/A       12%         2
 Portal Projectile        Hex/Tloc       24%        N/A       16%         3
 Passwall                 Tmut/Erth      3%         N/A       19%         2
 Call Canine Familiar     Summ           4%         N/A       36%         3
 Spider Form              Tmut/Pois      4%         N/A       36%         3
 Anguish                  Hex/Necr       4%         N/A       63%         4
 Leda's Liquefaction      Hex/Erth       4%         N/A       63%         4
 Fireball                 Conj/Fire      8%         3d6       71%         5
 Starburst                Conj/Fire      8%         6d4       99%         6
 Ignition                 Fire           2%         3d3       100%        8


Dungeon Overview and Level Annotations

Branches:
Dungeon (6/15)             Temple (1/1) D:4

Altars:
Ashenzari
Dithmenos
Fedhas
Gozag
Hepliaklqana
Kikubaaqudgha
Makhleb
Okawaru
Ru
Sif Muna
Trog
Uskayaw
Wu Jian
Xom
Yredelemnul
Zin
The Shining One

Shops:
D:2 :!   D:3 [((

Annotations:
D:4 1 runed translucent door, OhItsWolfy's ghost, amateur DDFi


Innate Abilities, Weirdness & Mutations

You can spit globs of acid.
Your golden yellow scales are hard. (AC +6)
You cannot fit into any form of body armour.
You are cold-blooded and may be slowed by cold attacks.
You are resistant to acid. (rCorr)


Message History

Aim: an ogre, wielding a +0 giant spiked club (90% to hit)
You miscast Searing Ray.
You are very lightly contaminated with residual magic.
Nothing appears to happen.
Unknown command.
The ogre barely misses you. The ogre barely misses you.
Press: ? - help, Shift-Dir - straight line, f/p - ogre
Aim: an ogre, wielding a +0 giant spiked club (83% to hit)
You fail to use your ability.
Your magical contamination has completely faded away.
Unknown command.
Casting: Searing Ray (safe; 1% risk of failure)
Confirm with . or Enter, or press ? or * to list all spells.
Aiming: Searing Ray (safe; 1% risk of failure)
Press: ? - help, Shift-Dir - straight line, f/p - ogre
Aim: an ogre, wielding a +0 giant spiked club (90% to hit)
The searing ray hits the ogre.
The ogre is moderately wounded. (Press . to maintain the ray.)
The ogre hits you with a +0 giant spiked club!!
The searing ray hits the ogre!
The ogre is heavily wounded.
The ogre barely misses you.
The searing ray misses the ogre.
The ogre hits you with a +0 giant spiked club!!
Ouch! That really hurt!
* * * LOW HITPOINT WARNING * * *
There is an open door here.
There is a stone staircase leading up here.
The ogre closely misses you.
You climb upwards.
There is a stone staircase leading down here.
There is a stone staircase leading down here.
You can't go up here!
An ogre is nearby!
An ogre is nearby!
The ogre hits you with a +0 giant spiked club!!
You die...
Your body crumbles into a pile of gold.

###### ####......#####...##
#.........# #.###
########.........# #.#
........|......### #.#
........##############.#
......................=#
........#........##############
.......##.....................#
.......##.....##@############.#
........#......O..#.........#.#
........##....#...#.#.#####.#.#
....#...##....#...#.#.#.....#.#
###.#...##....#...#.#.#.##..#.#
# #.#.......(.#...#...#.##..#.#
# #...............###.#.##..#.#
# #............##.#####.##..#.#
#...................#...###.#


You could see an ogre.

Vanquished Creatures
  A water moccasin (D:5)
  A black bear (D:5)
  A sky beast (D:5)
  A scorpion (D:4)
  2 hounds
  A bullfrog zombie (D:5)
  2 iguanas (D:4)
  2 hound skeletons
  5 adders
  A white imp (D:4)
  A worm (D:4)
  A dart slug (D:1)
  6 ball pythons
  7 endoplasms
  5 giant cockroaches
  6 goblins
  7 hobgoblins
  8 jackals
  3 quokkas
  A bat (D:1)
  4 frilled lizards
  4 kobolds
  A quokka skeleton (D:4)
  3 rats (D:1)
74 creatures vanquished.

Vanquished Creatures (others)
  3 plants (D:4)
3 creatures vanquished.

Grand Total: 77 creatures vanquished

Notes
Turn   | Place    | Note
-------+----------+-------------------------------------------
     0 | D:1      | Zeld the Draconian Conjurer began the quest for the Orb.
     0 | D:1      | Reached XP level 1. HP: 14/14 MP: 3/3
   566 | D:2      | Reached XP level 2. HP: 10/20 MP: 1/5
   584 | D:2      | Learned a level 2 spell: Searing Ray
   795 | D:1      | Reached skill level 1 in Translocations
   994 | D:1      | Found a faded altar of an unknown god.
  1022 | D:1      | Reached skill level 1 in Hexes
  1958 | D:2      | Reached XP level 3. HP: 26/26 MP: 0/6
  2161 | D:2      | Found Waub's Book Boutique.
  2325 | D:2      | Found a blossoming altar of Fedhas.
  2698 | D:2      | Found Hopyzoyrr's Armour Shoppe.
  2700 | D:2      | Found Xokum's Distillery.
  2999 | D:3      | Found Hosetoank's Antique Weapon Emporium.
  3000 | D:3      | Found Rosash's Weapon Shoppe.
  3052 | D:3      | Found Qegom's Antique Armour Boutique.
  3470 | D:3      | Reached XP level 4. HP: 33/33 MP: 7/7
  3744 | D:4      | Noticed a scorpion
  3759 | D:4      | Killed a scorpion
  3760 | D:4      | Reached XP level 5. HP: 22/38 MP: 8/8
  3901 | D:4      | Noticed a black bear
  4474 | D:4      | Found a staircase to the Ecumenical Temple.
  4491 | Temple   | Entered the Ecumenical Temple
  4572 | Temple   | Became a worshipper of Gozag Ym Sagoz the Greedy
  5235 | D:4      | Learned a level 4 spell: Fulminant Prism
  5274 | D:4      | Reached XP level 6. HP: 41/45 MP: 10/10
  5408 | D:4      | Found a runed translucent door.
  5409 | D:4      | Noticed OhItsWolfy's ghost (amateur DDFi)
  5416 | D:4      | Learned a level 4 spell: Iskenderun's Mystic Blast
  5432 | D:5      | Entered Level 5 of the Dungeon
  5464 | D:5      | Reached skill level 5 in Conjurations
  5991 | D:5      | Noticed a water moccasin
  5997 | D:5      | Killed a water moccasin
  5998 | D:5      | Your scales start taking on a golden yellow colour.
  5998 | D:5      | Reached XP level 7. HP: 37/50 MP: 3/13
  5998 | D:5      | Gained mutation: You are resistant to acid. (rCorr) [Yellow
                  | Draconian growth]
  6432 | D:3      | Bought a fading war axe for 195 gold pieces
  6432 | D:3      | Identified the +6 war axe of the Open Hand {vorpal, +Blink
                  | Dex+3} (You bought it in a shop on level 3 of the Dungeon)
  6892 | D:5      | Found a shimmering blue altar of Sif Muna.
  6947 | D:6      | Found a blossoming altar of Fedhas.
  7004 | D:5      | Mangled by an ogre

Illustrated notes

Levels and vault maps discovered:
D:1:      amcnicky_arrival_double_pillar, layout_basic,
          shapermc_ecumenical_altar_mp_urbaneastern, chequers_mini_garden
D:2:      layout_loops_ring, serial_shops, shop,
          nicolae_shop_competitors_out_of_business, nicolae_shop_crystal,
          basic_altar
D:3:      layout_loops_ring, serial_shops, shop, shop,
          nicolae_shop_temple_entry_statues_fountains, nrook_uturn,
          minivault_23, minivault_11, minmay_misc_feat_rugged,
          corexii_hall_statues_l
D:4:      layout_loops_ring, minmay_temple_entry_gardened_gates,
          ebering_ghost_sewer_d
D:5:      layout_basic, kennysheep_little_box
D:6:      layout_gridville, grunt_temple_overflow_forces_of_nature,
          uniq_eustachio
Temple:   regret_index_temple_waves

Skill      XL: |  1  2  3  4  5  6 |
---------------+-------------------+-----
Translocations | 1 2 |  2.0
Hexes          | 1 2 |  2.0
Dodging        | 2 3 |  3.7
Spellcasting   | 3 4 |  4.3
Conjurations   | 5 |  5.9
Stealth        | |  1.7

Action                   |  1- 3 |  4- 6 |  7- 9 || total
-------------------------+-------+-------+-------++-------
Melee: Unarmed           |    44 |       |       ||    44
       Tailslap          |     8 |    15 |     1 ||    24
       Punch             |     1 |     3 |       ||     4
       Dagger            |    52 |   137 |       ||   189
       War axe           |       |       |    14 ||    14
 Cast: Magic Dart        |    31 |       |       ||    31
       Searing Ray       |    17 |     4 |     1 ||    22
 Stab: Sleeping          |     6 |     1 |       ||     7
Armor: Skin              |    54 |    52 |     6 ||   112
Dodge: Dodged            |    86 |    94 |    15 ||   195
